 Dungeon Crawl Stone Soup version 0.24.0-123-gd5b16e6ec5 (webtiles) character file.

Game seed: 13580869219509155762, levelgen mode: deterministic

394 Ereth the Ruffian (level 6, -4/61 HPs)
             Began as a Troll Fighter on Dec 16, 2019.
             Killed by divine providence
             ... invoked by an orc priest
              (14 damage)
             ... on level 3 of the Dungeon.
             The game lasted 00:05:37 (1742 turns).

Ereth the Ruffian (Troll Fighter)                   Turns: 1742, Time: 00:05:37

Health: -4/61      AC:  6    Str: 26    XL:     6   Next: 52%
Magic:  5/5        EV:  9    Int:  4    God:
Gold:   151        SH:  9    Dex: 10    Spells: 5/5 levels left

rFire    . . .     SeeInvis .     - Unarmed
rCold    . . .     Gourm    +   b - +0 shield
rNeg     . . .     Faith    .   a - +0 robe
rPois    .         Spirit   .   (helmet restricted)
rElec    .         Reflect  .   (no cloak)
rCorr    .         Harm     .   (gloves unavailable)
MR       .....                  (boots unavailable)
Stlth    +.........             (no amulet)
HPRegen  0.60/turn              (no ring)
MPRegen  0.09/turn              (no ring)

@: no status effects
A: large, unfitting armour, claws 3, fast metabolism 3, gourmand, regeneration
1, shaggy fur 1, tough skin 3
a: no special abilities


You were on level 3 of the Dungeon.
You were completely stuffed.

You visited 1 branch of the dungeon, and saw 3 of its levels.

You collected 151 gold pieces.

Inventory:

Missiles
 o - 19 stones (quivered)
Armour
 a - a +0 robe (worn)
 b - a +0 shield (worn)
Jewellery
 h - a +2 ring of intelligence {unknown}
 i - an uncursed ring of positive energy
Wands
 k - a wand of enslavement (5)
Scrolls
 g - a scroll of enchant armour {unknown}
 j - a scroll of teleportation {unknown}
 q - a scroll of remove curse {unknown}
 r - a scroll of immolation {unknown}
 s - a scroll of magic mapping
Potions
 c - a potion of might
 e - a potion of heal wounds
 f - a potion of resistance {unknown}
 l - a potion of invisibility {unknown}
 m - a potion of brilliance {unknown}
 p - a potion of magic {unknown}
 t - a potion of ambrosia {unknown}
Comestibles
 d - 6 rations
 n - 12 chunks of flesh


   Skills:
 + Level 3.1 Fighting
 + Level 3.5 Dodging
 + Level 0.1 Stealth
 + Level 3.9 Shields
 + Level 4.3 Unarmed Combat


You had 5 spell levels left.
You didn't know any spells.
Your spell library was empty.

Dungeon Overview and Level Annotations

Branches:
Dungeon (3/15)

Altars:
Ru


Innate Abilities, Weirdness & Mutations

You are too large for most types of armour.
You have claws for hands.
Your metabolism is lightning-fast.
You like to eat raw meat.
Your natural rate of healing is unusually fast.
You are covered in fur. (AC +1)
You have extremely tough skin. (AC +3)


Message History

The leopard gecko bites you.
The orc priest invokes the aid of Beogh against you.
Beogh smites you!
You scratch the leopard gecko.
You kill the leopard gecko!
You claw the orc!
You kill the orc!
Your shield prevents you from hitting the orc.
The orc hits you but does no damage.
The orc priest begins to cast a cantrip, but forgets the words!
You claw the orc!
You kill the orc!
The orc priest mumbles some strange prayers to Beogh against you.
Beogh smites you!
* * * LOW HITPOINT WARNING * * *
The orc hits you with a cursed +0 club.
* * * LOW HITPOINT WARNING * * *
The orc priest calls down the wrath of Beogh upon you.
Beogh smites you!
You die...

###########.##...#
#.# #))..#
#......####.######
#.# ####.##
#...........# #(#
#..# #......######
#.. ##.# #......#
##. #.##
######.##########
#..# #......)...#
# ##..
##########.### ..#
### #.@.####.....
###(oo.o.>...
#####...... .....
.... ... .. .


You could see an orc priest and 2 orcs.

Vanquished Creatures
  An ogre (D:3)
  3 orc priests
  Terence (D:3)
  2 orc wizards (D:3)
  An adder (D:3)
  4 gnolls (D:2)
  An ooze (D:3)
  2 worms
  A dart slug (D:1)
  3 leopard geckos (D:3)
  13 orcs
  2 bats (D:2)
  3 giant cockroaches
  10 goblins
  8 hobgoblins
  6 kobolds
  3 quokkas
  6 frilled lizards
  5 rats
75 creatures vanquished.

Notes
Turn   | Place    | Note
-------+----------+-------------------------------------------
     0 | D:1      | Ereth the Troll Fighter began the quest for the Orb.
     0 | D:1      | Reached XP level 1. HP: 22/22 MP: 0/0
   101 | D:1      | Reached XP level 2. HP: 29/29 MP: 1/1
   513 | D:2      | Reached XP level 3. HP: 19/37 MP: 2/2
   703 | D:2      | Reached XP level 4. HP: 45/45 MP: 3/3
   819 | D:2      | Reached XP level 5. HP: 38/53 MP: 4/4
   820 | D:2      | Reached skill level 3 in Unarmed Combat
  1003 | D:2      | Found a faded altar of an unknown god.
  1015 | D:2      | Found a sacrificial altar of Ru.
  1340 | D:3      | Noticed an ogre
  1365 | D:3      | Killed an ogre
  1616 | D:3      | Reached skill level 4 in Unarmed Combat
  1616 | D:3      | Reached XP level 6. HP: 49/61 MP: 5/5
  1705 | D:3      | Noticed Terence
  1719 | D:3      | Killed Terence
  1742 | D:3      | Killed from afar by an orc priest

Levels and vault maps discovered:
D:1:      lemuel_arrival_muddy, layout_basic, minmay_tree_intersection
D:2:      cheibrodos_pilgrimage, layout_basic, chequers_ecumenical_altar_simple,
          nicolae_ru_the_path_less_chosen
D:3:      layout_rooms, gammafunk_ghost_cemetery, uniq_terence

Skill      XL: |  1  2  3  4  5 |
---------------+----------------+-----
Fighting       | 3 |  3.1
Dodging        | 3 |  3.5
Shields        | 3 |  3.9
Unarmed Combat | 4 |  4.3
Stealth        | |  0.1

Action                   |  1- 3 |  4- 6 || total
-------------------------+-------+-------++-------
Melee: Unarmed           |    69 |   137 ||   206
Throw: Stone             |       |     7 ||     7
  Use: Scroll            |       |     5 ||     5
  Eat: Chunk             |    12 |    10 ||    22
Armor: Robe              |    21 |    50 ||    71
Dodge: Dodged            |    33 |    43 ||    76
Block: Shield            |    27 |    79 ||   106
